 Dungeon Sprint DCSS version 0.23.2-33-g5129a83184 (webtiles) character file.

Game seed: 3146053991146514657

275 t4s4d4r the Frost Mage (level 6, -6/49 HPs)
             Began as a Naga Ice Elementalist on July 2, 2019.
             Was a Believer of Sif Muna.
             Mangled by a komodo dragon (28 damage)
             ... in the Dungeon (Sprint IX: "|||||||||||||||||||||||||||||").
             The game lasted 00:02:21 (871 turns).

t4s4d4r the Frost Mage (Naga Ice Elementalist)       Turns: 871, Time: 00:02:21

Health: -6/49      AC:  4    Str: 10    XL:     6   Next: 24%
Magic:  3/15       EV: 12    Int: 20    God:    Sif Muna [**....]
Gold:   0          SH:  0    Dex: 12    Spells: 5/17 levels left

rFire    . . .     SeeInvis +   p - staff of energy
rCold    . . .     Gourm    .   (no shield)
rNeg     . . .     Faith    .   a - +0 robe
rPois    +         Spirit   .   (no helmet)
rElec    .         Reflect  .   m - +0 cloak
rCorr    .         Harm     .   (no gloves)
MR       .....     NoTele   +   (no barding)
Stlth    ++........             (no amulet)
HPRegen  0.16/turn              n - +2 ring of evasion
MPRegen  0.14/turn              o - +3 ring of intelligence

@: very slow
A: large, see invisible, deformed body, poison resistance, slowness 2, slow
metabolism 1, spit poison 1, AC +2
a: Spit Poison, Divine Energy, Renounce Religion


You were in the Dungeon.
You worshipped Sif Muna.
Sif Muna was pleased with you.
You were not hungry.

You visited 1 branch

Inventory:

Hand Weapons
 q - a +2 halberd of protection
Armour
 a - a +0 robe (worn)
 m - a +0 cloak (worn)
Magical Staves
 p - an uncursed staff of energy (weapon)
Jewellery
 n - a +2 ring of evasion (left hand)
 o - a +3 ring of intelligence (right hand)
Wands
 l - a wand of iceblast (10)
Scrolls
 i - 2 scrolls of blinking
 j - 3 scrolls of remove curse
 k - 2 scrolls of amnesia
Potions
 b - a potion of invisibility
 d - 5 potions of curing
 e - 3 potions of heal wounds
 f - a potion of haste
 g - 3 potions of magic
 h - a potion of berserk rage
Comestibles
 c - a ration
 r - 2 chunks of flesh


   Skills:
 - Level 1.5 Dodging
 - Level 3.0 Stealth
 - Level 6.4 Spellcasting
 + Level 3.7 Conjurations
 - Level 3.0 Charms
 + Level 3.4 Summonings
 * Level 9.1 Ice Magic


You had 5 spell levels left.
You knew the following spells:

 Your Spells              Type           Power        Failure   Level  Hunger
a - Freeze                Ice            ####         1%          1    None
b - Ozocubu's Armour      Chrm/Ice       ####....     2%          3    None
c - Summon Ice Beast      Ice/Summ       ####....     8%          4    None
d - Throw Icicle          Conj/Ice       ####....     7%          4    None

Your spell library contained the following spells:

 Spells                   Type           Power        Failure   Level  Hunger
 Throw Frost              Conj/Ice       ####..       1%          2    None


Dungeon Overview and Level Annotations

Branches:
Dungeon (1/1)

Altars:
Cheibriados
Dithmenos
Elyvilon
Fedhas
Gozag
Hepliaklqana
Kikubaaqudgha
Makhleb
Nemelex Xobeh
Okawaru
Qazlal
Ru
Sif Muna
Trog
Uskayaw
Vehumet
Wu Jian
Xom
Yredelemnul
Zin
The Shining One
Beogh
Jiyva
Lugonu


Innate Abilities, Weirdness & Mutations

You cannot wear boots.
Your serpentine skin is tough. (AC +2)
You have supernaturally acute eyesight. (SInv)
Armour fits poorly on your strangely shaped body.
Your system is resistant to poisons. (rPois)
You cover ground very slowly.
You have a slow metabolism.
You can spit poison.


Message History

The komodo dragon bites you!
The orc hits your ice beast but does no damage.
Your ice beast closely misses the orc.
Casting: Summon Ice Beast (safe; 8% risk of failure)
Confirm with . or Enter, or press ? or * to list all spells.
A chill wind blows around you.
The orc hits your ice beast but does no damage.
The komodo dragon barely misses you.
Your ice beast closely misses the orc.
You swap places.
The orc hits your ice beast but does no damage.
The komodo dragon bites your ice beast!!
Your ice beast dies!
Your ice beast hits the orc.
Your ice beast freezes the orc!
The orc dies!
Sif Muna accepts your kill.
Casting: Summon Ice Beast (safe; 8% risk of failure)
Confirm with . or Enter, or press ? or * to list all spells.
A chill wind blows around you. The komodo dragon bites you!!
Ouch! That really hurt!
You die...

▓[▓
▓[▓
▓.▓
▓.▓
▓'▓
▓)▓
▓.▓
▓Y▓
▓@▓
▓l▓
▓.▓
▓Y▓
▓O▓
▓)▓
▓Z▓
▓o▓
▓.▓


You could see a komodo dragon, an ogre, an orc, a bat skeleton and 2 friendly
ice beasts.

Vanquished Creatures
  A centaur (D)
  A scorpion (D)
  A jelly (D)
  A worker ant (D)
  An adder (D)
  A dart slug (D)
  A leopard gecko (D)
  A goblin (D)
  A bat (D)
  2 rats (D)
11 creatures vanquished.

Vanquished Creatures (collateral kills)
  A bullfrog (D)
  An orc wizard (D)
  A worker ant (D)
  An adder (D)
  A leopard gecko (D)
  An orc (D)
6 creatures vanquished.

Grand Total: 17 creatures vanquished

Notes
Turn   | Place    | Note
-------+----------+-------------------------------------------
     0 | D        | t4s4d4r the Naga Ice Elementalist began the quest for the
                  | Orb.
     0 | D        | Reached XP level 1. HP: 15/15 MP: 3/3
   276 | D        | Noticed a jelly
   276 | D        | Noticed a scorpion
   276 | D        | Noticed a worker ant
   278 | D        | Reached skill level 4 in Ice Magic
   278 | D        | Reached XP level 2. HP: 18/22 MP: 2/6
   287 | D        | Reached skill level 5 in Ice Magic
   287 | D        | Reached XP level 3. HP: 12/28 MP: 0/9
   293 | D        | Killed a scorpion
   293 | D        | Reached skill level 6 in Ice Magic
   293 | D        | Reached XP level 4. HP: 10/36 MP: 4/12
   296 | D        | Reached skill level 7 in Ice Magic
   296 | D        | Reached XP level 5. HP: 5/42 MP: 2/13
   560 | D        | Learned a level 3 spell: Ozocubu's Armour
   565 | D        | Learned a level 4 spell: Summon Ice Beast
   570 | D        | Learned a level 4 spell: Throw Icicle
   584 | D        | Found a roughly hewn altar of Beogh.
   584 | D        | Found a snail-covered altar of Cheibriados.
   584 | D        | Found a shadowy altar of Dithmenos.
   584 | D        | Found a white marble altar of Elyvilon.
   584 | D        | Found a blossoming altar of Fedhas.
   584 | D        | Found an opulent altar of Gozag.
   585 | D        | Found a hazy altar of Hepliaklqana.
   586 | D        | Found a viscous altar of Jiyva.
   587 | D        | Found an ancient bone altar of Kikubaaqudgha.
   588 | D        | Found a corrupted altar of Lugonu.
   589 | D        | Found a burning altar of Makhleb.
   590 | D        | Found a sparkling altar of Nemelex Xobeh.
   591 | D        | Found an iron altar of Okawaru.
   592 | D        | Found a stormy altar of Qazlal.
   593 | D        | Found a sacrificial altar of Ru.
   594 | D        | Found a deep blue altar of Sif Muna.
   595 | D        | Found a bloodstained altar of Trog.
   596 | D        | Found a hide-covered altar of Uskayaw.
   597 | D        | Found a radiant altar of Vehumet.
   598 | D        | Found an ornate altar of the Wu Jian Council.
   599 | D        | Found a shimmering altar of Xom.
   600 | D        | Found a basalt altar of Yredelemnul.
   601 | D        | Found a glowing silver altar of Zin.
   602 | D        | Found a glowing golden altar of the Shining One.
   614 | D        | Became a worshipper of Sif Muna the Loreminder
   662 | D        | Noticed a centaur
   668 | D        | Killed a centaur
   668 | D        | Reached * piety under Sif Muna
   668 | D        | Reached skill level 8 in Ice Magic
   673 | D        | Reached XP level 6. HP: 19/49 MP: 5/15
   680 | D        | Reached ** piety under Sif Muna
   680 | D        | Reached skill level 9 in Ice Magic
   864 | D        | Noticed a komodo dragon
   871 | D        | Mangled by a komodo dragon

Skill      XL: |  1  2  3  4  5  6 |
---------------+-------------------+-----
Spellcasting   | 3 4 6 |  6.4
Ice Magic      | 4 5 6 7 8 9 |  9.1
Conjurations   | 3 |  3.7
Charms         | 3 |  3.0
Summonings     | 3 |  3.4
Dodging        | |  1.5
Stealth        | |  3.0

Action                   |  1- 3 |  4- 6 || total
-------------------------+-------+-------++-------
Melee: Unarmed           |    16 |       ||    16
       Staff             |       |     1 ||     1
 Cast: Freeze            |    13 |     9 ||    22
       Summon Ice Beast  |       |     4 ||     4
  Use: Potion            |     1 |       ||     1
 Stab: Sleeping          |       |     1 ||     1
Armor: Robe              |     3 |       ||     3
Dodge: Dodged            |    20 |     7 ||    27
